 Dungeon Crawl Stone Soup version 0.31.0-12-g77e489cdc1 (webtiles) character file.

Game seed: 2464160131118998274

323 lordive the Changeling (level 6, -4/38 HPs)
             Began as an Octopode Shapeshifter on Feb 29, 2024.
             Killed by divine providence
             ... invoked by an orc priest
              (14 damage)
             ... on level 4 of the Dungeon.
             The game lasted 00:02:31 (2447 turns).

lordive the Changeling (Octopode Shapeshifter)      Turns: 2447, Time: 00:02:32

Health: -4/38      AC:  5    Str: 13    XL:     6   Next: 47%
Magic:  6/6        EV: 14    Int: 12    God:
Gold:   141        SH:  0    Dex: 20    Spells: 5/5 levels left

rFire   . .          .
                       - Unarmed
rCold   . . .        (no shield)
rNeg    . . .        (helmet currently unavailable)
rPois   .            (no amulet)
rElec   .            k - +6 ring of dexterity
rCorr   .            l - +4 ring of protection
SInv    .            (no ring)
Will    .....        (no ring)
Stlth   +++          (no ring)
HPRegen 0.26/turn    (no ring)
MPRegen 0.10/turn    (no ring)
                     (no ring)

%: no passive effects
@: beast-form
A: beast (slay +2), almost no armour, amphibious, 8 rings, camouflage 1,
gelatinous body 1, (nimble swimmer 1), tentacles
a: Begin Untransformation


You were on level 4 of the Dungeon.
You were a hulking beast.
You visited 1 branch of the dungeon, and saw 4 of its levels.

You collected 141 gold pieces.

Inventory:

Jewellery
 h - an amulet of faith
 k - a +6 ring of dexterity (left tentacle)
 l - a +4 ring of protection (right tentacle)
Talismans
 b - a beast talisman
 c - a flux talisman
Scrolls
 d - 3 scrolls of identify {unknown}
 g - a scroll of noise {unknown}
 i - a scroll of silence {unknown}
 j - a scroll of teleportation {unknown}
 m - 2 scrolls of enchant weapon {unknown}
 n - a scroll of poison {unknown}
 o - a scroll of vulnerability {unknown}
 p - a scroll of brand weapon {unknown}
 r - 2 scrolls of immolation {unknown}
Potions
 a - a potion of lignification
 e - a potion of curing {unknown}
 f - a potion of berserk rage {unknown}
 q - a potion of heal wounds


   Skills:
 + Level 1.4 Fighting
 + Level 2.3 Dodging
 + Level 5.0 Unarmed Combat
 * Level 5.1 Shapeshifting


You had 5 spell levels left.
You didn't know any spells.
Your spell library contained the following spells:

 Spells                   Type           Power      Damage    Failure   Level
 Kiss of Death            Conj/Necr      0%         2d5       32%         1
 Blink                    Tloc           0%         N/A       45%         2
 Lesser Beckoning         Tloc           0%         N/A       45%         2
 Momentum Strike          Conj/Tloc      0%         3d8       45%         2
 Confusing Touch          Hex            0%         N/A       69%         3
 Mephitic Cloud           Conj/Alch/Air  0%         N/A       69%         3
 Dispel Undead            Necr           0%         3d6       97%         4
 Irradiate                Conj/Alch      0%         3d11      100%        5
 Eringya's Noxious Bog    Alch           0%         4d6       100%        6


Dungeon Overview and Level Annotations

Branches:
Dungeon (4/15)
 Temple: D:4-7

Altars:
Vehumet
Xom


Innate Abilities, Weirdness & Mutations

You are a hulking beast.
Your limbs bulge with bestial killing power. (Slay +2)
You cannot wear most types of armour.
You are amphibious.
You can wear up to eight rings at the same time.
Your skin changes colour to match your surroundings (Stealth+).
Your rubbery body absorbs attacks. (AC +1, EV +1)
((You are camouflaged when in or above water. (Stealth+)))
You have tentacles for arms and can constrict up to eight enemies at once.


Message History

An orc priest comes into view. It is wielding a +0 dagger.
The orc wizard gestures at you while chanting.
You are confused.
The orc priest shouts!
You are too confused!
You are too confused!
You are too confused!
You are too confused!
You are too confused!
You bump into the rock wall.
The orc priest shouts!
The orc wizard gestures wildly while chanting.
The orc wizard flickers and vanishes!
Deactivating autopickup; reactivate with Ctrl-A.
The orc priest mumbles some strange prayers to Beogh against you.
Beogh smites you! Something hits you but does no damage.
You bludgeon the orc priest! You squeeze the orc priest.
The orc priest is severely wounded.
The orc priest calls down the wrath of Beogh upon you.
Beogh smites you!
The orc priest hits you but does no damage.
Something completely misses you.
You barely miss the orc priest. You tentacle-slap the orc priest.
The orc priest is almost dead.
The orc priest hits you with a +0 short sword.
The orc priest invokes the aid of Beogh against you.
Pain shoots through your body!
* * * LOW HITPOINT WARNING * * *
The orc priest miscasts a cantrip.
You bludgeon the orc priest! Your squeeze misses the orc priest.
The orc priest is heavily wounded.
The orc priest barely misses you.
The orc priest mumbles some strange prayers to Beogh against you.
You barely resist. You tentacle-slap something. Your squeeze misses something.
You feel less confused.
The orc priest hits you but does no damage.
The orc priest calls down the wrath of Beogh upon you.
Beogh smites you!
You die...

# #.....# # #.....#
# #.....# # #.....#
+ #.....# #
#.....##+# ########
#.....#..##. #......
#..ho.'..... +....†.
#...o.#..#####......
#...o.#.............
#.......?.#.#.......
##+###..#.....#.....
#........#.#....)##
#..#.#.........#.#
#> #...#.....#...#
#.#...._....#.#


You could see 2 orc priests and an orc.

Vanquished Creatures
  Grinder (D:4)
  A howler monkey (D:4)
  4 adders
  2 dart slugs (D:1)
  2 orcs (D:3)
  3 bats (D:3)
  An endoplasm (D:3)
  3 giant cockroaches
  8 goblins
  6 hobgoblins
  3 jackals (D:4)
  2 kobolds
  2 quokkas
  5 ball pythons
  3 frilled lizards
  4 rats
50 creatures vanquished.

Notes
Turn   | Place    | Note
-------+----------+-------------------------------------------
     0 | D:1      | lordive the Octopode Shapeshifter began the quest for the
                  | Orb.
     0 | D:1      | Reached XP level 1. HP: 13/13 MP: 1/1
   137 | D:1      | Reached XP level 2. HP: 18/18 MP: 2/2
   681 | D:1      | Reached XP level 3. HP: 23/23 MP: 3/3
  1565 | D:3      | Found a shimmering altar of Xom.
  1591 | D:3      | Reached XP level 4. HP: 27/28 MP: 4/4
  1940 | D:3      | Got the Directory of Compounds
  2359 | D:4      | Found a radiant altar of Vehumet.
  2362 | D:4      | Reached XP level 5. HP: 33/33 MP: 5/5
  2362 | D:4      | Noticed Grinder
  2383 | D:4      | Killed Grinder
  2384 | D:4      | Reached skill level 5 in Shapeshifting
  2384 | D:4      | Reached XP level 6. HP: 29/38 MP: 6/6
  2408 | D:4      | Reached skill level 5 in Unarmed Combat
  2447 | D:4      | Killed from afar by an orc priest

Illustrated notes

Levels and vault maps discovered:
D:1:      tarquinn_simple_flora_water_e, layout_basic
D:2:      layout_basic, minmay_tetromino_i2
D:3:      layout_basic, old_standard_altar
D:4:      layout_gridville, nicolae_vehumet_radiance, uniq_grinder

Skill      XL: |  1  2  3  4  5  6 |
---------------+-------------------+-----
Shapeshifting  | 4 5 |  5.1
Unarmed Combat | 4 5 |  5.0
Fighting       | |  1.4
Dodging        | |  2.3

Action                     |  1- 3 |  4- 6 || total
---------------------------+-------+-------++-------
  Melee: Unarmed           |    48 |    51 ||    99
         Constrict         |    16 |    13 ||    29
         Tentacles         |     7 |     8 ||    15
         Punch             |     1 |     3 ||     4
    Use: Potion            |       |     1 ||     1
   Stab: Sleeping          |    11 |       ||    11
 Armour: Skin              |    11 |    27 ||    38
  Dodge: Dodged            |    15 |    29 ||    44
